 Dungeon Crawl Stone Soup version 0.26-a0-639-g72c4674329 (webtiles) character file.

Game seed: 10748112407733499741

7023 Borgoz the Fighter (level 11, -4/72 HPs)
             Began as a Gargoyle Berserker on Sept 19, 2020.
             Was a High Priest of Trog.
             Killed from afar by a starcursed mass (10 damage)
             ... with an accursed screaming
             ... while paralysed
             ... on level 2 of the Abyss.
             The game lasted 00:14:27 (9868 turns).

Borgoz the Fighter (Gargoyle Berserker)             Turns: 9868, Time: 00:14:28

Health: -4/72      AC: 23    Str: 27    XL:     11   Next: 8%
Magic:  11/11      EV:  2    Int:  8    God:    Trog [*****.]
Gold:   647        SH:  0    Dex: 14    Spells: 10/10 levels left

rFire    . . .     SeeInvis .   f - +2 flail
rCold    . . .     Faith    .   (no shield)
rNeg     + . .     Spirit   .   H - +0 steam dragon scales
rPois    ∞         Reflect  .   y - +0 helmet
rElec    +         Harm     .   h - scarf {repulsion}
rCorr    .         Rampage  .   m - +2 pair of gloves
MR       +....                  (no boots)
Stlth    ++........             (no amulet)
HPRegen  0.22/turn              t - ring of Gojel {rPois MR+ Str+6 Dex+2 Stlth+}
MPRegen  0.12/turn              l - +4 ring of protection

@: paralysed, berserk cooldown, slowed, repel missiles
A: negative energy resistance 1, electricity resistance, unbreathing,
petrification resistance, rot immunity, AC +8
a: Berserk, Trog's Hand, Brothers in Arms, Renounce Religion


You were on level 2 of the Abyss.
You worshipped Trog.
Trog was extremely pleased with you.
You visited 1 branch of the dungeon, and saw 10 of its levels.
You visited the Abyss 1 time.
You also visited: Ossuary.

You collected 754 gold pieces.
You spent 107 gold pieces at shops.

Inventory:

Hand Weapons
 f - a +2 flail (weapon)
Missiles
 e - 2 throwing nets (quivered)
Armour
 h - a scarf of repulsion (worn)
 m - a +2 pair of gloves (worn)
 y - a +0 helmet (worn)
 H - +0 steam dragon scales (worn)
Jewellery
 a - an uncursed ring of see invisible
 l - a +4 ring of protection (right hand)
 t - the ring of Gojel (left hand) {rPois MR+ Str+6 Dex+2 Stlth+}
   (You found it on level 5 of the Dungeon)

   [ring of strength]

   It affects your strength (+6).
   It affects your dexterity (+2).
   It protects you from poison.
   It affects your resistance to hostile enchantments.
   It makes you more stealthy.
 w - an uncursed ring of protection from cold
Wands
 j - a wand of polymorph (23)
 k - a wand of iceblast (23)
 G - a wand of acid (8)
Scrolls
 c - a scroll of enchant weapon
 d - 7 scrolls of teleportation
 o - a scroll of acquirement {unknown}
 u - a scroll of fear
 v - a scroll of magic mapping
 z - 2 scrolls of enchant armour
 C - 3 scrolls of fog {unknown}
 I - a scroll of holy word {unknown}
Potions
 b - 3 potions of berserk rage {unknown}
 g - 2 potions of stabbing {unknown}
 i - 5 potions of heal wounds
 n - a potion of resistance
 p - 8 potions of curing
 q - a potion of haste {unknown}
 r - 2 potions of flight
 A - a potion of cancellation {unknown}
 B - 3 potions of might
 F - 2 potions of brilliance {unknown}


   Skills:
 + Level 9.7 Fighting
 + Level 9.0 Maces & Flails
 + Level 9.4 Armour
 + Level 7.2 Dodging


You had 10 spell levels left.
You didn't know any spells.
Your spell library was empty.

Dungeon Overview and Level Annotations

Branches:
Dungeon (10/15)            Temple (0/1) D:7            Lair (0/6) D:9
    Orc (0/2) D:9         Ossuary (visited)

Altars:
Hepliaklqana
Kikubaaqudgha
Makhleb
Wu Jian
Xom
Yredelemnul

Shops:
D:6 *

Annotations:
D:10 Erolcha


Innate Abilities, Weirdness & Mutations

You are resistant to torment.
Your stone body is resilient. (AC +8)
You are immune to poison.
You resist negative energy. (rN+)
You are resistant to electric shocks. (rElec)
You can survive without breathing.
You are immune to petrification.
You are immune to rotting.


Message History

The starcursed mass barely misses you.
You hit the starcursed mass.
The starcursed mass is heavily damaged.
The starcursed mass shudders and withdraws towards its neighbour.
You thump the starcursed mass!
The starcursed mass is almost destroyed.
The starcursed mass shudders and withdraws towards its neighbour.
You are no longer berserk.
You pass out from exhaustion.
You feel yourself slow down.
The starcursed mass engulfs you but does no damage.
The starcursed mass engulfs you.
* * * LOW HITPOINT WARNING * * *
The starcursed mass engulfs you but does no damage. x2
The starcursed mass engulfs you!
* * * LOW HITPOINT WARNING * * *
The starcursed mass engulfs you but does no damage.
A starcursed mass splits.
A deafening chorus of shrieks assaults your mind!
You die...

#. #. .##.## #
#....#. ..#
≈.≈≈≈.# ...
≈≈≈≈≈≈≈ . #.≈
≈≈≈≈≈≈≈##.
#≈≈##≈≈≈≈≈≈≈
..#.. #.XX@X###
#. . .
#.#.X#X..##..
....
#..#...#...#.. #
..#.#.....###...
.#
.#.....##..#...
# . ...#..#..
.##....#.# #.#
##..###. .. ..
.# .##.
..##(..## . . .#
#....#.# ..


You could see 5 starcursed masses.

Vanquished Creatures
  A two-headed ogre (D:9)
  Pikel (D:8)
  Maggie (D:7)
  A hippogriff (D:8)
  A wraith (Abyss:2)
  2 basilisks (D:9)
  A wyvern (D:9)
  3 porcupines (D:9)
  2 sky beasts
  An orc warrior (D:8)
  An ice beast (D:9)
  7 black bears
  A necrophage (D:8)
  2 phantoms
  3 ogres
  A wolf (D:9)
  A centaur (D:5)
  3 lemures (D:8)
  2 crocodiles (D:9)
  8 bullfrogs
  3 scorpions
  7 wights
  3 killer bees (D:7)
  3 howler monkeys
  A centaur zombie (D:9)
  4 starcursed masses (Abyss:2)
  A bullfrog zombie (D:5)
  A gnoll shaman (D:9)
  8 hounds
  2 orc priests
  2 jellies
  Crazy Yiuf (D:5)
  A bullfrog skeleton (D:9)
  A centaur skeleton (D:5)
  6 iguanas
  7 orc wizards
  5 worker ants
  A killer bee zombie (D:6)
  2 hound zombies
  A hound skeleton (D:5)
  3 mummies (Ossuary)
  A worker ant zombie (D:5)
  Robin (D:2)
  9 gnolls
  6 adders
  2 shadow imps
  2 white imps
  An ooze (D:2)
  5 adder zombies (Ossuary)
  2 adder skeletons
  2 worms
  3 dart slugs
  5 leopard geckos
  28 orcs
  10 bats
  4 giant cockroaches
  2 gnoll zombies (D:7)
  10 hobgoblins
  13 jackals
  A quokka (D:3)
  A ball python (D:1)
  10 frilled lizards
  19 goblins
  3 goblin zombies (Ossuary)
  4 hobgoblin zombies (Ossuary)
  A jackal skeleton (D:5)
  10 kobolds
  3 kobold zombies (Ossuary)
  4 quokka zombies
  8 rats
276 creatures vanquished.

Vanquished Creatures (others)
  A wight (D:8)
  7 plants (D:9)
8 creatures vanquished.

Grand Total: 284 creatures vanquished

Notes
Turn   | Place    | Note
-------+----------+-------------------------------------------
     0 | D:1      | Borgoz the Gargoyle Berserker began the quest for the Orb.
     0 | D:1      | Reached XP level 1. HP: 14/14 MP: 1/1
   370 | D:1      | Reached XP level 2. HP: 19/19 MP: 2/2
   674 | D:1      | Reached XP level 3. HP: 4/24 MP: 3/3
  1054 | D:1      | Reached ** piety under Trog
  1399 | D:2      | Reached XP level 4. HP: 11/29 MP: 4/4
  1972 | D:2      | Noticed Robin
  1982 | D:2      | Killed Robin
  2006 | D:2      | Reached XP level 5. HP: 14/33 MP: 5/5
  2015 | D:2      | Reached *** piety under Trog
  3615 | D:4      | Reached XP level 6. HP: 36/39 MP: 6/6
  3634 | D:4      | Reached **** piety under Trog
  3655 | D:4      | Found a shimmering altar of Xom.
  3733 | D:4      | Reached skill level 5 in Fighting
  3932 | D:4      | Found a sand-covered staircase.
  3942 | D:4      | Reached XP level 7. HP: 44/44 MP: 7/7
  3995 | Ossuary  | Entered an ossuary
  4389 | D:4      | Found a hazy altar of Hepliaklqana.
  4436 | D:4      | Found an ancient bone altar of Kikubaaqudgha.
  4601 | D:4      | Found an ornate altar of the Wu Jian Council.
  4701 | D:5      | Entered Level 5 of the Dungeon
  4763 | D:5      | Reached skill level 5 in Maces & Flails
  4775 | D:5      | Reached skill level 5 in Armour
  4793 | D:5      | Got a steaming ring mail
  4804 | D:5      | Identified the +1 ring mail of the Heavens {rF+ Int-4
                  | Stlth+} (You found it on level 5 of the Dungeon)
  4865 | D:5      | Got a translucent golden ring
  4867 | D:5      | Identified the ring of Gojel {rPois MR+ Str+6 Dex+2 Stlth+}
                  | (You found it on level 5 of the Dungeon)
  4909 | D:5      | Reached XP level 8. HP: 51/51 MP: 8/8
  5377 | D:5      | Found a runed translucent door.
  5378 | D:5      | Noticed Crazy Yiuf
  5559 | D:5      | Killed Crazy Yiuf
  5674 | D:6      | Reached ***** piety under Trog
  6471 | D:6      | Found Waryd's Assorted Antiques.
  6476 | D:6      | Bought an amethyst potion for 26 gold pieces
  6476 | D:6      | Bought a scroll labeled QIQESA ECETZ for 29 gold pieces
  6476 | D:6      | Bought a dark potion for 26 gold pieces
  6476 | D:6      | Bought a purple potion for 26 gold pieces
  6766 | D:7      | Reached XP level 9. HP: 56/56 MP: 9/9
  6784 | D:7      | Reached skill level 5 in Dodging
  7024 | D:7      | Noticed Maggie
  7036 | D:7      | Killed Maggie
  7223 | D:7      | Found a basalt altar of Yredelemnul.
  7251 | D:7      | Found a staircase to the Ecumenical Temple.
  7647 | D:8      | Reached XP level 10. HP: 16/64 MP: 10/10
  8128 | D:8      | Noticed Pikel
  8181 | D:8      | Killed Pikel
  8565 | D:9      | Received a gift from Trog
  8741 | D:9      | Found a staircase to the Lair.
  8772 | D:9      | Found a staircase to the Orcish Mines.
  9376 | D:9      | Noticed a two-headed ogre
  9385 | D:9      | Killed a two-headed ogre
  9385 | D:9      | Reached XP level 11. HP: 71/71 MP: 11/11
  9513 | D:9      | Found a burning altar of Makhleb.
  9652 | D:10     | Entered Level 10 of the Dungeon
  9780 | D:10     | Noticed Erolcha
  9781 | D:10     | Cast into level 2 of the Abyss (Erolcha)
  9831 | Abyss:2  | Noticed a starcursed mass
  9854 | Abyss:2  | Paralysed by accursed screaming for 1 turns
  9868 | Abyss:2  | Killed from afar by a starcursed mass

Illustrated notes

Levels and vault maps discovered:
D:1:      doesnt_arrival_eight_statues, layout_basic, st_stairs_11
D:2:      layout_loops_cross, uniq_robin
D:3:      layout_basic, minmay_misc_feat_encased
D:4:      layout_loops_ring, xom_butterflies, kennysheep_mini,
          kennysheep_little_box, old_standard_altar, nicolae_ossuary_entry_ruins
D:5:      layout_basic, uniq_crazy_yiuf_cottage
D:6:      layout_basic, serial_shops, shop
D:7:      layout_cave_pools, lemuel_zombie_altar_yredelemnul,
          minmay_temple_entry_proselytizer, uniq_maggie
D:8:      layout_loops_cross, uniq_pikel
D:9:      layout_irregular_city, marbit_many_paths, minmay_lair_entry_grove,
          orc_0_dummy, chequers_serial_rivers_micro_c, minivault_22
D:10:     layout_basic, serial_shops, nicolae_shop_waterfront,
          hangedman_minor_magic, uniq_erolcha
Abyss:2:  base: D:4, lemuel_flamethrower_3

Skill      XL: |  1  2  3  4  5  6  7  8  9 10 11 |
---------------+----------------------------------+-----
Dodging        | 2 3 4 5 7 |  7.2
Armour         | 3 4 5 6 7 9 |  9.4
Fighting       | 4 5 6 8 9 |  9.7
Maces & Flails | 4 5 6 7 8 9 |  9.0

Action                   |  1- 3 |  4- 6 |  7- 9 | 10-12 || total
-------------------------+-------+-------+-------+-------++-------
Melee: Mace              |    54 |       |       |       ||    54
       Flail             |    47 |   320 |   417 |   320 ||  1104
Invok: Berserk           |     3 |     3 |     6 |     3 ||    15
       Trog's Hand       |       |     1 |     4 |     1 ||     6
  Use: Scroll            |       |     7 |    10 |     2 ||    19
 Stab: Invisible         |       |       |     1 |       ||     1
Armor: Animal skin       |    31 |    59 |       |       ||    90
       Scale mail        |       |   100 |    88 |       ||   188
       Plate armour      |       |       |   161 |       ||   161
       Steam dragon scal |       |       |    74 |   176 ||   250
Dodge: Dodged            |    94 |   236 |   331 |   282 ||   943

Table legend: (Time is in decaauts)
 A = Elapsed time spent in this place.
 B = Non-inter-level travel time spent in this place.
 C = Inter-level travel time spent in this place.
 D = Time resting spent in this place.
 E = Time spent auto-exploring this place.
 F = Levels seen in this place.
 G = Mean time per level.
                   A        B        C        D        E       F      G
               +--------+--------+--------+--------+--------+-----+--------+
         Total |  10088 |   9925 |    163 |   2044 |   5550 |  12 |  840.7 |
       Dungeon |   9717 |   9554 |    163 |   2019 |   5396 |  10 |  971.7 |
         Abyss |     85 |     85 |      0 |      0 |      0 |   1 |   85.0 |
       Ossuary |    285 |    285 |      0 |     25 |    154 |   1 |  285.0 |
               +--------+--------+--------+--------+--------+-----+--------+

Top non-repeatable levels by time:
     D:2: 1415 daAuts
     D:9: 1217 daAuts
     D:1: 1181 daAuts
     D:6: 1129 daAuts
     D:3: 1091 daAuts
     D:8: 995 daAuts
     D:5: 919 daAuts
     D:4: 879 daAuts
     D:7: 757 daAuts
 Ossuary: 285 daAuts
    D:10: 128 daAuts
 Abyss:2: 85 daAuts
